 Dungeon Crawl Stone Soup version 0.15.2 (webtiles) character file.

90 NTAmi the Chiller (level 4, -5/33 HPs)
             Began as a Ghoul Ice Elementalist on Feb 26, 2015.
             Killed from afar by Sigmund (7 damage)
             ... with a magic dart
             ... on Level 3 of the Dungeon.
             The game lasted 00:20:24 (1741 turns).

NTAmi the Chiller (Ghoul Ice Elementalist)          Turns: 1741, Time: 00:20:25

HP  -5/33        AC  3     Str 11      XL: 4   Next: 56%
MP  11/16        EV 10     Int 16      God:
Gold 204         SH  0     Dex  9      Spells:  2 memorised,  5 levels left

rFire  . . .     SeeInvis .     x - +0 hunting sling
rCold  + . .     Clarity  .     s - +0 leather armour (curse)
rNeg   + + +     rCorr    .     (no shield)
rPois  +         rRot     +     (no helmet)
rElec  .         Spirit   .     (no cloak)
SustAb .         Warding  .     (no gloves)
rMut   +         Stasis   .     (no boots)
Saprov + + +                    R - amulet of resist mutation
MR     .....                    (no ring)
                                D - ring of magical power

@: confused, brilliant, very slightly contaminated, rotting, invisible, not
resistant to hostile enchantments, very unstealthy
A: rotting body, claws 1, carnivore 3, cold resistance 1, negative energy
resistance 3, poison resistance, saprovore 3, slow healing 1, torment
resistance, unbreathing
a: no special abilities


You were on level 3 of the Dungeon.
You were not hungry.

You visited 1 branch of the dungeon, and saw 3 of its levels.

You collected 204 gold pieces.

Inventory:

Hand weapons
 e - a +0 dagger
 g - a +0 whip
 l - a +0 club
 n - a +0 club
 p - a +0 hunting sling
 q - a +0 club
 v - a +0 club
 x - a +0 hunting sling (weapon)
 y - a +0 club
 A - a +0 club
 F - a +0 club
 G - a +0 cutlass
 I - a +0 whip
Missiles
 j - 13 arrows
 m - 68 stones (quivered)
 K - 12 arrows of dispersal
Armour
 a - a +0 robe
 h - a +0 robe
 i - a +0 leather armour
 r - a +0 shield
 s - a cursed +0 leather armour (worn)
 t - a +0 leather armour
 w - a +0 robe
 B - a +0 robe
 H - a +0 robe
 J - a +0 ring mail
 L - a +0 robe
 M - a +0 leather armour
Comestibles
 C - 2 meat rations
 O - a chunk of quokka flesh
Scrolls
 c - 4 scrolls of identify
 d - 3 scrolls of remove curse
 k - a scroll of recharging {unknown}
 N - a scroll of fear {unknown}
 Q - a scroll of amnesia {unknown}
Jewellery
 D - a ring of magical power (left claw)
 R - an amulet of resist mutation (around neck)
Potions
 o - 2 potions of brilliance
 u - a potion of curing {unknown}
 z - a potion of resistance
 E - a potion of haste {unknown}
 P - a potion of might {unknown}
Books
 b - a book of Frost

   Spells                             Type                      Level
   *Freeze                            Ice                          1
   *Throw Frost                       Conjuration/Ice              2
   Ozocubu's Armour                   Charms/Ice                   3
   Throw Icicle                       Conjuration/Ice              4
   Summon Ice Beast                   Ice/Summoning                4
   Condensation Shield                Ice                          4


   Skills:
 + Level 0.2 Fighting
 + Level 1.0 Slings
 + Level 0.1 Armour
 + Level 2.1 Dodging
 + Level 2.2 Stealth
 * Level 2.5 Spellcasting
 * Level 1.5 Conjurations
 + Level 3.8 Ice Magic


You had 5 spell levels left.
You knew the following spells:

 Your Spells              Type           Power        Failure   Level  Hunger
a - Freeze                Ice            ###.         1%          1    #......
b - Throw Frost           Conj/Ice       ###...       1%          2    ##.....


Dungeon Overview and Level Annotations

Branches:
Dungeon (3/15)

Altars:

Annotations:
D:3 Sigmund


Innate Abilities, Weirdness & Mutations

Your body is rotting away.
You have sharp fingernails.
You are carnivorous and can eat meat at any time.
Your flesh is cold resistant.
You are immune to negative energy.
Your system is resistant to poisons.
You thrive on rotten meat.
You heal slowly when monsters are visible.
You are immune to unholy pain and torment.
You can survive without breathing.


Message History

Aiming: Throw Frost
Press: ? - help, Shift-Dir - straight line, f/p - Sigmund
Aim: Sigmund, wielding a scythe and wearing a robe (moderately wounded)
The puff of frost misses Sigmund.
Sigmund casts a spell at you. The magic dart hits you!
Sigmund casts a spell at you.
You are confused.
Sigmund gestures wildly while chanting.
Sigmund flickers and vanishes!
Deactivating autopickup; reactivate with Ctrl-A.
Drink which item? (? for menu, Esc to quit)
You fade into invisibility!
It was a potion of invisibility.
You hear some strange, mumbled words.
The puff of flame hits you!
* * * LOW HITPOINT WARNING * * *
You are very lightly contaminated with residual magic.
The magic dart hits you!
You die...

#.......># #........#
##.....#.# #.....#.#
#.....#.# #.....+.#
#### ##.....###
...######......######
........#.##....@...#
....###.#.##........#
.<.. #....##........#
...###..####.$......#
........####..(.....#
.#.##........(#######
#.#...######.#
#.#..## #(# #.####
#.#


There were no monsters in sight!

Vanquished Creatures
  Jessica (D:2)
  3 adders (D:2)
  3 giant geckos
  An ooze (D:2)
  6 bats
  A giant cockroach (D:2)
  2 hobgoblins
  8 jackals (D:2)
  6 kobolds
  A ball python (D:1)
  2 giant newts (D:2)
  3 goblins (D:2)
  2 quokkas
  5 rats
44 creatures vanquished.

Notes
Turn   | Place    | Note
--------------------------------------------------------------
     0 | D:1      | NTAmi, the Ghoul Ice Elementalist, began the quest for the Orb.
     0 | D:1      | Reached XP level 1. HP: 14/14 MP: 2/2
   202 | D:1      | Reached XP level 2. HP: 16/18 MP: 0/4
   209 | D:1      | Learned a level 2 spell: Throw Frost
   562 | D:2      | Reached skill level 1 in Conjurations
   776 | D:2      | Reached XP level 3. HP: 20/26 MP: 3/6
  1118 | D:2      | Noticed Jessica
  1126 | D:2      | Reached skill level 1 in Slings
  1158 | D:2      | Killed Jessica
  1158 | D:2      | Reached XP level 4. HP: 33/33 MP: 0/7
  1699 | D:3      | Noticed Sigmund
  1741 | D:3      | Killed from afar by Sigmund

Action                   |  1- 3 |  4- 6 || total
-------------------------+-------+-------++-------
Melee: Unarmed           |    17 |       ||    17
 Fire: Hunting sling     |    41 |    11 ||    52
Throw: Stone             |     2 |       ||     2
 Cast: Freeze            |    24 |    13 ||    37
       Throw Frost       |    13 |    17 ||    30
  Use: Scroll            |       |     3 ||     3
       Potion            |       |     2 ||     2
  Eat: Chunk             |    16 |     4 ||    20
